 Dungeon Crawl Stone Soup version 0.28.0-53-g5a82cb258f (webtiles) character file.

Game seed: 13433863120775611017

971 Zeld the Thaumaturge (level 7, -1/36 HPs)
             Began as a Deep Elf Conjurer on May 24, 2022.
             Was an Initiate of Vehumet.
             Slain by a centaur (3 damage)
             ... on level 5 of the Dungeon.
             The game lasted 00:08:16 (6892 turns).

Zeld the Thaumaturge (Deep Elf Conjurer)            Turns: 6892, Time: 00:08:16

Health: -1/36      AC:  3    Str:  4    XL:     7   Next: 94%
Magic:  19/21      EV: 12    Int: 25    God:    Vehumet [......]
Gold:   213        SH:  0    Dex: 13    Spells: 12/23 levels left

rFire   . . .      SeeInvis .   a - +1 short sword (drain)
rCold   . . .      Faith    .   (no shield)
rNeg    . . .      Spirit   .   c - +0 robe
rPois   .          Reflect  .   l - +0 helmet
rElec   .          Harm     .   (no cloak)
rCorr   .          Rampage  .   (no gloves)
Will    .....                   (no boots)
Stlth   ++........              t - amulet of magic regeneration
HPRegen 0.12/turn               (no ring)
MPRegen 0.57/turn               (no ring)

@: no status effects
A: no striking features
a: Renounce Religion


You were on level 5 of the Dungeon.
You worshipped Vehumet.
Vehumet was noncommittal.
You visited 2 branches of the dungeon, and saw 6 of its levels.
You also visited: Sewer.

You collected 213 gold pieces.

Inventory:

Hand Weapons
 a - a +1 short sword of draining (weapon)
Missiles
 i - 77 arrows
Armour
 c - a +0 robe (worn)
 l - a +0 helmet (worn)
Jewellery
 t - an amulet of magic regeneration (around neck)
Scrolls
 b - a scroll of vulnerability {unknown}
 d - 2 scrolls of magic mapping {unknown}
 e - 4 scrolls of fear {unknown}
 f - 2 scrolls of teleportation {unknown}
 j - 2 scrolls of identify {unknown}
 o - a scroll of fog {unknown}
 q - a scroll of holy word {unknown}
 u - a scroll of amnesia {unknown}
 v - a scroll of blinking {unknown}
Potions
 g - 2 potions of berserk rage {unknown}
 h - a potion of curing {unknown}
 k - a potion of attraction {unknown}
 m - 2 potions of haste {unknown}
 n - 3 potions of might {unknown}
 p - 2 potions of magic {unknown}
 r - 2 potions of invisibility {unknown}
 s - 2 potions of heal wounds {unknown}


   Skills:
 - Level 2.4 Dodging
 - Level 2.4 Stealth
 + Level 8.7 Spellcasting
 + Level 8.0 Conjurations
 - Level 2.0 Hexes
 - Level 2.0 Translocations


You had 12 spell levels left.
You knew the following spells:

 Your Spells              Type           Power      Damage    Failure   Level
a - Magic Dart            Conj           100%       1d8       1%          1
b - Searing Ray           Conj           100%       2d8       1%          2
c - Fulminant Prism       Conj/Hex       18%        3d11      7%          4
d - Iskenderun's Mystic   Conj/Tloc      36%        2d9       7%          4

Your spell library contained the following spells:

 Spells                   Type           Power      Damage    Failure   Level
 Dazzling Flash           Conj/Hex       72%        N/A       2%          3
 Stone Arrow              Conj/Erth      62%        3d10      3%          3
 Sandblast                Erth           20%        2d7       5%          1
 Summon Small Mammal      Summ           40%        N/A       5%          1
 Passwall                 Tmut/Erth      8%         N/A       9%          2
 Summon Guardian Golem    Hex/Summ       15%        N/A       11%         3
 Call Canine Familiar     Summ           10%        N/A       17%         3


Dungeon Overview and Level Annotations

Branches:
Dungeon (5/15)             Temple (1/1) D:4           Sewer (visited)

Altars:
Ashenzari
Cheibriados
Elyvilon
Fedhas
Gozag
Hepliaklqana
Kikubaaqudgha
Makhleb
Nemelex Xobeh
Qazlal
Ru
Sif Muna
Trog
Vehumet
Wu Jian
Xom
Yredelemnul
Zin
The Shining One


Message History

Aim: an adder (72% to hit)
The searing ray hits the adder!
The adder is almost dead. (Press . to maintain the ray.)
The adder barely misses you.
The searing ray hits the adder.
You kill the adder!
Vehumet accepts your kill.
Found a sacrificial altar of Ru.
Found 14 stones.
v - a scroll labelled HESOOFF CAJEA No target in view!
A centaur comes into view.
The centaur wields a +0 shortbow.
The centaur shoots an arrow.
The arrow closely misses you.
A centaur is nearby!
The centaur shoots an arrow.
The arrow hits you!
The centaur shoots an arrow.
The arrow hits you!
A centaur is nearby!
You are too injured to fight recklessly!
The centaur unwields a +0 shortbow.
The centaur hits you.
* * * LOW HITPOINT WARNING * * *
The centaur kicks you but does no damage.
Unknown command.
Casting: Searing Ray (safe; 1% risk of failure)
Confirm with . or Enter, or press ? or * to list all spells.
Aiming: Searing Ray (safe; 1% risk of failure)
Press: ? - help, Shift-Dir - straight line, f - centaur
Aim: a centaur, quivering arrows (90% to hit)
The searing ray hits the centaur!
The centaur is heavily wounded. (Press . to maintain the ray.)
The centaur hits you.
* * * LOW HITPOINT WARNING * * *
The centaur kicks you.
* * * LOW HITPOINT WARNING * * *
The searing ray misses the centaur.
The centaur hits you.
* * * LOW HITPOINT WARNING * * *
The centaur kicks you.
You die...

### #.. #.# ##.#####
######.###....... #
#............ ..#.#
####.####.###c.###.#.#
#.............@......#
#
#.##.##########.##.#.#
###.##.# ### #.##.#
.......###.... #....#
###.##........ ####.#
# #.##.≈########
###.#### #
#.##≈........≈
#......#
###.#..≈.≈.≈.≈._
#.#.##.#
......≈........≈ #...#
#


You could see a centaur.

Vanquished Creatures
  4 kobold brigands (Sewer)
  A centaur skeleton (D:4)
  3 orc priests
  A jelly (D:4)
  A scorpion zombie (D:5)
  3 iguanas
  4 orc wizards
  Natasha (thrice) (D:2)
  A hound skeleton (D:4)
  7 gnolls
  A howler monkey skeleton (D:4)
  5 adders
  3 worms
  2 dart slugs (D:3)
  20 orcs
  11 ball pythons
  6 bats
  11 endoplasms
  6 giant cockroaches
  5 goblins
  8 hobgoblins
  7 jackals
  11 kobolds
  A quokka (D:2)
  5 frilled lizards
  6 rats
136 creatures vanquished.

Vanquished Creatures (others)
  6 plants (Sewer)
6 creatures vanquished.

Grand Total: 142 creatures vanquished

Notes
Turn   | Place    | Note
-------+----------+-------------------------------------------
     0 | D:1      | Zeld the Deep Elf Conjurer began the quest for the Orb.
     0 | D:1      | Reached XP level 1. HP: 10/10 MP: 6/6
   276 | D:1      | Reached skill level 1 in Hexes
   283 | D:1      | Reached XP level 2. HP: 2/15 MP: 6/8
   315 | D:1      | Learned a level 2 spell: Searing Ray
   317 | D:1      | Reached skill level 1 in Translocations
  1234 | D:2      | Reached XP level 3. HP: 8/19 MP: 9/9
  1409 | D:2      | Found a faded altar of an unknown god.
  1618 | D:2      | Noticed Natasha
  1621 | D:2      | Killed Natasha
  1622 | D:2      | Reached XP level 4. HP: 24/24 MP: 7/12
  1627 | D:2      | Learned a level 4 spell: Fulminant Prism
  1632 | D:2      | Learned a level 4 spell: Iskenderun's Mystic Blast
  1860 | D:2      | Noticed Natasha
  1863 | D:2      | Killed Natasha
  1864 | D:2      | Reached skill level 5 in Conjurations
  2200 | D:2      | Noticed Natasha
  2204 | D:2      | Killed Natasha
  2388 | D:2      | Reached skill level 5 in Spellcasting
  2388 | D:2      | Reached XP level 5. HP: 18/28 MP: 12/14
  3737 | D:3      | Reached XP level 6. HP: 32/32 MP: 11/17
  4412 | D:4      | Found a glowing drain.
  4427 | Sewer    | Entered a sewer
  4599 | Sewer    | Reached XP level 7. HP: 23/36 MP: 5/19
  5802 | D:4      | Found a staircase to the Ecumenical Temple.
  5837 | Temple   | Entered the Ecumenical Temple
  5870 | Temple   | Became a worshipper of Vehumet
  6527 | D:5      | Entered Level 5 of the Dungeon
  6862 | D:5      | Found a sacrificial altar of Ru.
  6892 | D:5      | Slain by a centaur

Illustrated notes

Levels and vault maps discovered:
D:1:      dpeg_arrival_fog, layout_rooms, supply_closet_lemuel
D:2:      layout_basic, hellmonk_ecumenical_altar_leap_of_faith, uniq_natasha
D:3:      layout_rooms
D:4:      layout_basic, temple_doors_e, portal_sewer_entry_d,
          grunt_ministairs_10, st_stairs_6
D:5:      layout_basic, nicolae_ru_path_of_blood
Temple:   regret_index_temple_mists

Skill      XL: |  1  2  3  4  5  6  7 |
---------------+----------------------+-----
Hexes          | 1 2 |  2.0
Translocations | 1 2 |  2.0
Spellcasting   | 4 5 6 7 8 |  8.7
Conjurations   | 5 6 8 |  8.0
Dodging        | |  2.4
Stealth        | |  2.4

Action                   |  1- 3 |  4- 6 |  7- 9 || total
-------------------------+-------+-------+-------++-------
Melee: Short sword       |    32 |    89 |    92 ||   213
       Punch             |       |     2 |     4 ||     6
 Cast: Magic Dart        |    22 |     5 |       ||    27
       Searing Ray       |     3 |    18 |    17 ||    38
       Iskenderun's Myst |       |     3 |     2 ||     5
 Stab: Sleeping          |     1 |     1 |     1 ||     3
Armor: Robe              |     4 |    15 |    28 ||    47
Dodge: Dodged            |    27 |    59 |    87 ||   173
